 Dungeon Crawl Stone Soup version 0.25.1-2-g60ff931df9 (webtiles) character file.

Game seed: 10266603774947398376

1085 DearestLeader the Destroyer (level 8, 0/41 HPs)
             Began as a Deep Elf Conjurer on Sept 14, 2020.
             Was an Initiate of Vehumet.
             Slain by an orc warrior
             ... wielding a +0 trident
              (10 damage)
             ... on level 6 of the Dungeon.
             The game lasted 00:14:15 (6007 turns).

DearestLeader the Destroyer (Deep Elf Conjurer)     Turns: 6007, Time: 00:14:16

Health: 0/41       AC:  4    Str:  5    XL:     8   Next: 9%
Magic:  9/17       EV: 15    Int: 23    God:    Vehumet [......]
Gold:   262        SH:  0    Dex: 15    Spells: 6/17 levels left

rFire    . . .     SeeInvis .   l - +1 whip (venom)
rCold    . . .     Gourm    .   (no shield)
rNeg     . . .     Faith    .   a - +0 robe
rPois    .         Spirit   .   j - +0 helmet
rElec    .         Reflect  .   (no cloak)
rCorr    .         Harm     .   q - +0 pair of gloves
MR       .....                  (no boots)
Stlth    ++........             (no amulet)
HPRegen  0.13/turn              (no ring)
MPRegen  0.15/turn              (no ring)

@: no status effects
A: no striking features
a: Renounce Religion


You were on level 6 of the Dungeon.
You worshipped Vehumet.
Vehumet was noncommittal.
You were very hungry.

You visited 2 branches of the dungeon, and saw 7 of its levels.

You collected 262 gold pieces.

Inventory:

Hand Weapons
 l - a +1 whip of venom (weapon)
Armour
 a - a +0 robe (worn)
 j - a +0 helmet (worn)
 q - a +0 pair of gloves (worn)
Jewellery
 e - an uncursed ring of fire
Wands
 n - a wand of flame (14)
Scrolls
 d - a scroll of fog
 f - 3 scrolls of magic mapping
 i - 2 scrolls of immolation
 k - a scroll of remove curse {unknown}
 m - a scroll of noise {unknown}
 o - a scroll of blinking {unknown}
 r - a scroll of fear {unknown}
Potions
 g - a potion of berserk rage
 p - a potion of magic
 s - a potion of flight
 t - a potion of stabbing {unknown}
Comestibles
 c - 8 rations


   Skills:
 + Level 4.9 Dodging
 - Level 2.4 Stealth
 + Level 5.0 Spellcasting
 * Level 9.8 Conjurations
 - Level 2.1 Hexes


You had 6 spell levels left.
You knew the following spells:

 Your Spells              Type           Power        Failure   Level  Hunger
a - Magic Dart            Conj           ####         1%          1    None
b - Searing Ray           Conj           ######       1%          2    None
c - Iskenderun's Mystic   Conj/Tloc      ####....     13%         4    ####...
d - Fulminant Prism       Conj/Hex       ####......   9%          4    ####...

Your spell library contained the following spells:

 Spells                   Type           Power        Failure   Level  Hunger
 Dazzling Flash           Conj/Hex       ####..       2%          3    ##.....


Dungeon Overview and Level Annotations

Branches:
Dungeon (6/15)             Temple (1/1) D:4

Altars:
Ashenzari
Cheibriados
Elyvilon
Fedhas
Gozag
Hepliaklqana
Kikubaaqudgha
Okawaru
Qazlal
Ru
Sif Muna
Vehumet
Wu Jian
Xom
Yredelemnul
Zin
The Shining One

Shops:
D:4 (


Message History

Press: ? - help, Shift-Dir - straight line, f/p - orc warrior
Aim: an orc warrior, wielding a +0 trident and wearing a +0 chain mail (heavily wounded)
The magic dart hits the orc warrior.
The orc warrior is severely wounded.
Casting: Magic Dart (safe; 1% risk of failure)
Confirm with . or Enter, or press ? or * to list all spells.
Aiming: Magic Dart (safe; 1% risk of failure)
Press: ? - help, Shift-Dir - straight line, f/p - orc warrior
Aim: an orc warrior, wielding a +0 trident and wearing a +0 chain mail (severely wounded)
The magic dart hits the orc warrior.
The orc warrior is severely wounded.
Casting: Magic Dart (safe; 1% risk of failure)
Confirm with . or Enter, or press ? or * to list all spells.
Aiming: Magic Dart (safe; 1% risk of failure)
Press: ? - help, Shift-Dir - straight line, f/p - orc warrior
Aim: an orc warrior, wielding a +0 trident and wearing a +0 chain mail (severely wounded)
The magic dart hits the orc warrior.
The orc warrior is severely wounded.
The orc warrior hits you from afar with a +0 trident!
You die...

..... ....
#...# ###..#.#
###......#
........#
#......#
#.@....#
...............
##..##...o..#..
#. #.........
#.........
#......###
#.....(#
######o# ..
#...#


You could see an orc warrior and an orc.

Vanquished Creatures
  Sigmund (D:3)
  An ice beast (D:2)
  A centaur (D:6)
  2 crimson imps
  2 hounds
  3 orc priests
  An iguana (D:4)
  3 orc wizards (D:4)
  7 worker ants
  A worker ant zombie (D:5)
  Robin (D:3)
  3 gnolls (D:5)
  10 adders
  A shadow imp (D:5)
  2 worms
  A dart slug (D:1)
  3 leopard geckos
  15 orcs
  A ball python (D:1)
  12 bats
  3 giant cockroaches
  11 hobgoblins
  2 jackals (D:2)
  3 quokkas
  4 frilled lizards
  13 goblins
  7 kobolds
  7 rats
121 creatures vanquished.

Vanquished Creatures (others)
  2 fulminant prisms
2 creatures vanquished.

Grand Total: 123 creatures vanquished

Notes
Turn   | Place    | Note
-------+----------+-------------------------------------------
     0 | D:1      | DearestLeader the Deep Elf Conjurer began the quest for the
                  | Orb.
     0 | D:1      | Reached XP level 1. HP: 10/10 MP: 6/6
   119 | D:1      | Reached XP level 2. HP: 15/15 MP: 5/8
   173 | D:1      | Reached skill level 5 in Conjurations
   406 | D:1      | You fall into a shaft and drop 1 floor!
   443 | D:2      | Learned a level 2 spell: Searing Ray
   570 | D:1      | Reached XP level 3. HP: 19/19 MP: 6/9
   848 | D:2      | Reached skill level 6 in Conjurations
  1005 | D:2      | Reached XP level 4. HP: 24/24 MP: 7/10
  1196 | D:2      | Noticed an ice beast
  1201 | D:2      | Killed an ice beast
  1201 | D:2      | Reached skill level 7 in Conjurations
  1201 | D:2      | Reached XP level 5. HP: 28/28 MP: 6/11
  1207 | D:2      | Learned a level 4 spell: Iskenderun's Mystic Blast
  2301 | D:3      | Noticed Robin
  2305 | D:3      | Killed Robin
  2305 | D:3      | Reached skill level 8 in Conjurations
  2334 | D:3      | Reached XP level 6. HP: 27/32 MP: 4/12
  2340 | D:3      | Learned a level 4 spell: Fulminant Prism
  2493 | D:3      | Found a shimmering altar of Xom.
  2494 | D:3      | Found a hazy altar of Hepliaklqana.
  2495 | D:3      | Noticed a spectral ugly thing
  2666 | D:3      | Noticed Sigmund
  2671 | D:3      | Killed Sigmund
  2958 | D:3      | Found a glowing golden altar of the Shining One.
  3245 | D:4      | Reached XP level 7. HP: 25/36 MP: 5/13
  3811 | D:4      | Reached skill level 9 in Conjurations
  3941 | D:4      | Found Muiddud's Weapon Emporium.
  4243 | D:4      | Found a staircase to the Ecumenical Temple.
  4252 | Temple   | Entered the Ecumenical Temple
  4364 | Temple   | Became a worshipper of Vehumet
  4967 | D:5      | Entered Level 5 of the Dungeon
  5441 | D:5      | Found a stormy altar of Qazlal.
  5453 | D:5      | Found an ancient bone altar of Kikubaaqudgha.
  5474 | D:5      | Found a shattered altar of Ashenzari.
  5475 | D:5      | Found an ornate altar of the Wu Jian Council.
  5477 | D:5      | Found a sacrificial altar of Ru.
  5682 | D:6      | Reached XP level 8. HP: 25/41 MP: 7/17
  5708 | D:5      | HP: 2/41 [worker ant (5)]
  5914 | D:5      | Reached skill level 5 in Spellcasting
  6007 | D:6      | Slain by an orc warrior

Illustrated notes

Levels and vault maps discovered:
D:1:      ncdulo_watergridlock, layout_rooms
D:2:      wad_woods_pond, layout_basic, first_ration
D:3:      layout_loops_cross, regret_index_temple_of_mockery,
          nicolae_tso_swordbearing_angel, minmay_box_of_dots, uniq_robin,
          uniq_sigmund
D:4:      layout_layer_cave, temple_hall, serial_shops, shop
D:5:      layout_cave_pools, minitemple, nicolae_overflow_hidden_temple,
          serial_glass, glass_columns_a, glass_columns_a
D:6:      wander_river, layout_rooms, gup_sewer_entry_pipe,
          kennysheep_generic_room_4
Temple:   dpeg_chambers_temple

Skill      XL: |  1  2  3  4  5  6  7  8 |
---------------+-------------------------+-----
Conjurations   | 5 6 7 8 9 |  9.8
Dodging        | 3 4 |  4.9
Hexes          | 2 |  2.1
Spellcasting   | 4 5 |  5.0
Stealth        | |  2.4

Action                   |  1- 3 |  4- 6 |  7- 9 || total
-------------------------+-------+-------+-------++-------
Melee: Whip              |     1 |     6 |     7 ||    14
 Cast: Magic Dart        |    58 |    66 |    63 ||   187
       Searing Ray       |       |    16 |    20 ||    36
       Fulminant Prism   |       |       |     2 ||     2
  Use: Scroll            |       |     4 |     6 ||    10
       Potion            |       |     2 |     1 ||     3
  Eat: Chunk             |       |     4 |     4 ||     8
       Ration            |       |     1 |     1 ||     2
Armor: Robe              |     4 |     4 |     4 ||    12
Dodge: Dodged            |     8 |    15 |    25 ||    48
